Map: Dusk Towers

Players

oPZesty - Winner!

  • Race: Zerg Zerg
  • League: Master

MCanning

  • Race: Protoss Protoss
  • League: Grandmaster

VOD

Have the link to the VOD?

Description

Time

  • Played on: Dec. 4, 2015, 2:10 a.m.
  • Length: 15:43
Show
View Real Time Build Order
Export as new Build Order

oPZesty Zerg - Winner!

Build Orders: Hatch First 

Get SALT Encoding   

  12  0:01  Drone  
  13  0:13  Overlord  
  13  0:17  Drone  
  14  0:31  Drone x2  
  16  0:37  Drone  
  17  0:54  Hatchery  
  16  0:59  Drone  
  17  1:09  Spawning Pool  
  16  1:15  Drone  
  17  1:20  Extractor  
  17  1:23  Drone x2  
  18  1:31  Drone  
  19  1:41  Overlord  
  19  1:55  Queen  
  19  1:56  Zergling x2  
  22  2:02  Drone  
  23  2:09  Queen  
  23  2:10  Drone  
  23  2:13  Drone  
  27  2:23  Metabolic Boost  
  27  2:30  Hatchery, Drone  
  27  2:35  Drone  
  28  2:42  Drone  
  28  2:43  Overlord  
  29  2:45  Drone  
  29  2:48  Queen  
  32  2:52  Drone  
  33  3:00  Drone x2  
  33  3:01  Drone  
  36  3:06  Drone x2  
  36  3:07  Drone  
  36  3:10  Drone  
  40  3:18  Extractor  
  39  3:20  Overlord  
  39  3:24  Drone  
  39  3:25  Drone x2  
  42  3:35  Zergling x2  
  43  3:48  Drone x4  
  46  3:51  Drone  
  46  3:52  Drone x3  
  46  3:54  Overlord x2  
  51  3:56  Drone x3  
  51  4:01  Lair  
  54  4:05  Evolution Chamber  
  54  4:17  Drone x2, Extractor  
  54  4:18  Extractor  
  54  4:21  Drone  
  54  4:22  Drone x2  
  57  4:24  Drone x3  
  57  4:30  Overlord  
  59  4:31  Overlord  
  59  4:32  Drone x3  
  59  4:33  Drone  
  59  4:35  Extractor  
  59  4:38  Extractor  
  61  4:41  Drone  
  61  4:44  Drone x3  
  65  4:46  Drone  
  65  4:48  Drone x2  
  65  4:49  Drone x2  
  65  4:52  Drone x2  
  72  5:00  Zerg Ground Armor Level 1  
  72  5:01  Spire  
  72  5:03  Evolution Chamber  
  72  5:04  Drone  
  71  5:07  Drone x2  
  73  5:24  Drone  
  73  5:25  Drone  
  73  5:26  Hydralisk Den  
  74  5:28  Hatchery  
  74  5:33  Zerg Melee Weapons Level 1  
  74  5:35  Overlord x2  
  73  5:45  Drone, Infestation Pit  
  73  5:52  Queen  
  75  6:05  Overlord x3  
  75  6:09  Drone  
  75  6:10  Drone x6  
  83  6:11  Drone, Overlord  
  83  6:12  Overlord  
  83  6:13  Mutalisk  
  83  6:14  Mutalisk x4  
  93  6:19  Mutalisk x2  
  93  6:23  Overlord, Muscular Augments  
  93  6:25  Hive  
  97  6:32  Extractor  
  96  6:37  Extractor  
  95  6:43  Drone x3  
  98  6:55  Queen  
  98  6:56  Overlord  
  98  6:57  Overlord  
  98  6:59  Zerg Ground Armor Level 2  
  100  7:02  Hatchery  
  99  7:15  Zerg Flyer Weapons Level 1  
  99  7:17  Corruptor x4, Spire  
  105  7:31  Spore Crawler  
  105  7:33  Extractor  
  105  7:34  Hatchery, Spore Crawler x2  
  105  7:35  Spore Crawler  
  99  7:37  Spore Crawler x2, Extractor  
  99  7:39  Overlord  
  99  7:40  Overlord, Spore Crawler  
  99  7:41  Spore Crawler, Corruptor x6  
  106  7:48  Viper  
  109  7:51  Drone x2, Spore Crawler  
  109  7:52  Spore Crawler  
  109  7:54  Drone x3  
  110  8:12  Viper x2  
  108  8:17  Zerg Melee Weapons Level 2  
  114  8:22  Drone x2  
  114  8:23  Drone x4  
  114  8:25  Spore Crawler  
  119  8:33  Corruptor x4  
  127  8:37  Drone x5  
  132  8:47  Viper  
  135  8:49  Spore Crawler  
  135  8:50  Spore Crawler  
  135  8:52  Drone x3  
  135  8:54  Zergling x10  
  135  8:55  Zergling x10  
  146  9:10  Zergling x8  
  146  9:11  Zergling x12  
  146  9:13  Overlord x3  
  146  9:15  Viper  
  159  9:19  Viper  
  145  9:45  Corruptor x6  
  143  9:46  Spire  
  146  10:09  Queen  
  146  10:13  Zerg Ground Armor Level 3  
  148  10:21  Ultralisk Cavern  
  145  10:32  Zergling x2  
  145  10:33  Zergling x24  
  145  10:35  Zerg Melee Weapons Level 3  
  146  11:04  Zerg Flyer Weapons Level 2  
  146  11:07  Chitinous Plating  
  146  11:17  Ultralisk  
  146  11:18  Ultralisk x4  
  176  11:26  Adrenal Glands  
  165  11:50  Ultralisk x2  
  177  11:55  Corruptor x4  
  185  12:09  Hatchery  
  166  12:27  Ultralisk x2  
  166  12:29  Zergling x2  
  183  12:30  Zergling x10  
  182  12:58  Corruptor x6  
  192  13:06  Zergling x8  
  190  13:14  Spine Crawler  
  190  13:15  Spine Crawler  
  159  13:30  Overseer x4  
  159  13:32  Pneumatized Carapace  
  159  13:44  Ultralisk x2  
  159  13:48  Zerg Flyer Armor Level 1  
  171  14:31  Ultralisk x2  
  173  15:08  Zergling x12  
  165  15:22  Zergling x4  
Show
View Real Time Build Order
Export as new Build Order

MCanning Protoss 

Build Orders: Nexus First 

Get SALT Encoding   

  12  0:02  Probe (Chrono Boost)  
  13  0:13  Probe (Chrono Boost)  
  14  0:22  Pylon  
  14  0:24  Probe (Chrono Boost)  
  15  0:40  Probe (Chrono Boost)  
  16  0:51  Probe (Chrono Boost)  
  17  0:58  Nexus  
  17  1:10  Gateway  
  17  1:11  Probe (Chrono Boost)  
  18  1:21  Assimilator  
  18  1:22  Probe (Chrono Boost)  
  19  1:26  Assimilator  
  20  1:32  Probe (Chrono Boost)  
  20  1:39  Pylon  
  20  1:50  Probe (Chrono Boost)  
  21  1:58  Cybernetics Core  
  21  2:00  Probe (Chrono Boost)  
  22  2:11  Probe (Chrono Boost)  
  22  2:15  Probe (Chrono Boost)  
  24  2:19  Zealot (Chrono Boost)  
  24  2:21  Probe (Chrono Boost)  
  27  2:25  Probe (Chrono Boost)  
  28  2:31  Probe (Chrono Boost)  
  28  2:35  Probe (Chrono Boost)  
  30  2:40  Mothership Core  
  30  2:41  Warp Gate  
  32  2:46  Stalker (Chrono Boost)  
  32  2:48  Probe  
  35  3:00  Probe (Chrono Boost)  
  35  3:01  Probe (Chrono Boost)  
  37  3:11  Probe (Chrono Boost), Gateway  
  37  3:12  Gateway, Probe (Chrono Boost)  
  39  3:14  Sentry  
  41  3:21  Probe (Chrono Boost)  
  41  3:23  Probe (Chrono Boost)  
  41  3:25  Pylon  
  43  3:32  Probe (Chrono Boost)  
  43  3:33  Probe (Chrono Boost)  
  45  3:35  Pylon  
  45  3:42  Probe (Chrono Boost)  
  45  3:43  Sentry  
  47  3:53  Nexus  
  47  3:58  Pylon x2  
  47  4:06  Pylon  
  47  4:07  Probe (Chrono Boost)  
  48  4:11  Robotics Facility  
  48  4:12  Probe (Chrono Boost)  
  49  4:18  Probe (Chrono Boost)  
  49  4:22  Probe (Chrono Boost)  
  51  4:26  Gateway  
  51  4:28  Probe (Chrono Boost), Gateway  
  52  4:33  Probe (Chrono Boost)  
  52  4:36  Assimilator  
  53  4:39  Probe (Chrono Boost)  
  53  4:41  Assimilator  
  53  4:43  Probe (Chrono Boost)  
  55  4:48  Sentry  
  57  4:54  Forge  
  57  4:55  Probe x2 (Chrono Boost)  
  57  4:56  Twilight Council  
  59  5:00  Observer (Chrono Boost)  
  59  5:03  Probe  
  61  5:13  Probe  
  62  5:16  Robotics Bay  
  62  5:19  Warp Prism (Chrono Boost)  
  62  5:20  Probe  
  62  5:21  Probe, Pylon  
  64  5:25  Probe  
  64  5:28  Pylon  
  67  5:29  Photon Cannon  
  67  5:31  Probe x2  
  69  5:41  Stargate  
  69  5:43  Stargate  
  69  5:44  Stargate  
  69  5:46  Pylon  
  69  5:52  Photon Cannon  
  69  6:02  Probe (Chrono Boost)  
  70  6:06  Photon Cannon  
  70  6:08  Probe x2 (Chrono Boost)  
  70  6:09  Photon Cannon  
  70  6:10  Photon Cannon  
  72  6:13  Pylon, Assimilator  
  72  6:14  Probe (Chrono Boost)  
  73  6:19  Probe (Chrono Boost)  
  73  6:21  Pylon  
  74  6:29  Phoenix (Chrono Boost)  
  74  6:30  Fleet Beacon, Phoenix (Chrono Boost)  
  78  6:34  Phoenix (Chrono Boost)  
  78  6:38  Probe x2  
  78  6:39  Probe  
  83  6:45  Zealot x2  
  83  6:46  Zealot  
  89  6:47  Zealot  
  89  6:52  Phoenix (Chrono Boost)  
  93  6:56  Phoenix (Chrono Boost)  
  93  6:58  Phoenix (Chrono Boost)  
  97  7:03  Probe  
  97  7:07  Probe  
  99  7:11  Stalker x2, Phoenix (Chrono Boost)  
  105  7:16  Phoenix (Chrono Boost)  
  105  7:18  Anion Pulse-Crystals (Chrono Boost)  
  107  7:26  Probe  
  107  7:29  Assimilator  
  108  7:30  Photon Cannon  
  108  7:32  Phoenix (Chrono Boost)  
  110  7:38  Zealot  
  110  7:40  Probe  
  110  7:44  Probe, Dark Shrine  
  114  7:47  Probe  
  115  7:52  Phoenix (Chrono Boost)  
  115  7:54  Probe  
  115  7:56  Probe  
  119  7:59  Probe  
  119  8:01  Phoenix (Chrono Boost)  
  122  8:09  Phoenix (Chrono Boost)  
  122  8:13  Probe x2  
  124  8:24  Probe  
  124  8:25  Pylon  
  124  8:26  Nexus  
  125  8:30  Pylon  
  125  8:31  Phoenix x2 (Chrono Boost)  
  125  8:32  Pylon  
  125  8:33  Phoenix (Chrono Boost)  
  129  8:50  Photon Cannon  
  129  8:53  Phoenix (Chrono Boost), Photon Cannon  
  131  8:57  Dark Templar, Photon Cannon  
  131  8:58  Dark Templar  
  131  8:59  Photon Cannon  
  131  9:01  Assimilator  
  131  9:02  Dark Templar  
  137  9:07  Assimilator  
  137  9:10  Pylon  
  137  9:15  Phoenix (Chrono Boost)  
  137  9:16  Probe  
  140  9:27  Zealot x2  
  144  9:33  Zealot x2  
  144  9:37  Void Ray x2 (Chrono Boost)  
  146  9:50  Void Ray (Chrono Boost)  
  150  9:59  Gateway  
  138  10:01  Gateway  
  138  10:03  Gateway  
  138  10:05  Gateway  
  132  10:07  Pylon  
  132  10:08  Gateway  
  132  10:10  Gateway  
  136  10:14  Void Ray x2 (Chrono Boost)  
  136  10:16  Gateway  
  140  10:27  Void Ray (Chrono Boost)  
  144  10:29  Templar Archives  
  144  10:41  Zealot x2  
  148  10:46  Adept x3  
  148  10:47  Probe  
  145  10:51  Carrier (Chrono Boost)  
  145  10:53  Pylon  
  145  10:56  Carrier (Chrono Boost)  
  156  11:03  Psionic Storm  
  154  11:11  Probe  
  154  11:13  Photon Cannon  
  154  11:15  Charge  
  151  11:27  Probe  
  152  11:34  High Templar x2  
  152  11:35  High Templar  
  158  11:46  Probe  
  154  11:50  Probe  
  154  11:52  Protoss Air Weapons Level 1 (Chrono Boost)  
  155  11:55  Zealot  
  155  11:56  Zealot x4  
  155  11:57  Zealot x4  
  155  11:59  Probe  
  155  12:00  Nexus  
  174  12:03  Pylon  
  174  12:06  Pylon  
  174  12:07  Pylon  
  174  12:08  Probe  
  181  12:09  Probe  
  181  12:10  Probe  
  153  12:26  Void Ray (Chrono Boost)  
  153  12:27  Void Ray (Chrono Boost)  
  147  12:30  Zealot x6  
  147  12:32  Probe  
  160  12:42  Archon  
  150  12:44  Dark Templar x5  
  150  12:45  Dark Templar  
  150  12:46  Probe  
  150  12:47  Probe  
  142  12:56  Dark Templar x2  
  104  13:08  Zealot x4  
  112  13:19  Zealot x4  
  100  13:20  Zealot  
  100  13:21  Probe  
  100  13:22  Probe  
  91  13:28  Probe x2  
  91  13:33  Probe  
  91  13:34  Probe, Archon x3  
  90  13:35  Dark Templar x2  
  90  13:39  High Templar x3  
  90  13:40  High Templar  
  90  13:41  Mothership Core  
  105  13:42  Immortal (Chrono Boost)  
  105  13:45  Probe  
  105  13:48  High Templar  
  110  13:52  Probe  
  111  13:55  Probe  
  111  13:59  Probe  
  111  14:15  High Templar x4  
  123  14:17  Immortal (Chrono Boost)  
  123  14:20  Archon  
  123  14:22  Archon  
  123  14:23  Zealot x4  
  123  14:24  Zealot  
  131  14:51  Immortal (Chrono Boost)  
  131  14:52  Dark Templar x4  
  142  15:00  Archon x2  
  132  15:09  Archon  
  132  15:10  Zealot  
  132  15:11  Zealot x5  
  132  15:13  Probe  
  121  15:19  Zealot x2  
  87  15:40  Zealot  
  87  15:41  Zealot x5  
Tags
 
Add a new tag
Caveats
  • Supply blocks, unpowered buildings, or Contaminate may cause inaccurate times.
  • Supply counts are checked every 10 seconds.